 Dungeon Crawl Stone Soup version 0.19.0-19-g8c6edcc (webtiles) character file.

189 KarmaPolice the Charmwright (level 5, -1/40 HPs)
             Began as a Vampire Skald on Nov 14, 2016.
             Slain by a mummy (17 damage)
             ... in an ossuary.
             The game lasted 00:05:55 (3352 turns).

KarmaPolice the Charmwright (Vampire Skald)         Turns: 3352, Time: 00:05:56

Health: -1/40      AC:  0    Str: 11    XL:     5   Next: 40%
Magic:  4/9        EV: 18    Int: 14    God:
Gold:   182        SH:  0    Dex: 20    Spells: 4 memorised, 2 levels left

rFire  . . .     SeeInvis +     (weapon currently unavailable)
rCold  + . .     Gourm    .     (armour currently unavailable)
rNeg   + + .     Faith    .     (shield currently unavailable)
rPois  +         Spirit   .     (helmet currently unavailable)
rElec  .         Reflect  .     (cloak currently unavailable)
rCorr  .         Harm     .     (gloves currently unavailable)
MR     .....                    (boots currently unavailable)
Stlth  ++++......               (no amulet)
                                (ring currently unavailable)
                                (ring currently unavailable)

@: bat-form, flying, regenerating slowly, very quick
A: fangs 3, see invisible, (unbreathing)
a: End Transformation


You were in an ossuary.
You were thirsty.
You were in vampire-bat-form.
You visited 1 branch of the dungeon, and saw 4 of its levels.
You also visited: Ossuary.

You collected 182 gold pieces.

Inventory:

Hand Weapons
 a - a +0 falchion
 e - a +1 spear of venom (melded)
 m - a +2 dagger of venom
Armour
 b - a +0 leather armour (melded)
 w - a +0 pair of gloves (melded)
Jewellery
 q - an uncursed ring of resist corrosion {unknown}
 v - a cursed ring of magical power {unknown}
Scrolls
 f - 4 scrolls of remove curse {unknown}
 g - a scroll of fear {unknown}
 h - a scroll of immolation {unknown}
 i - a scroll of noise {unknown}
 l - a scroll of random uselessness {unknown}
 o - 3 scrolls of teleportation {unknown}
 p - a scroll of identify {unknown}
 s - a scroll of fog {unknown}
 t - a scroll of enchant weapon {unknown}
Potions
 d - 9 potions of blood
 j - 2 potions of invisibility {unknown}
 k - a potion of lignification {unknown}
 n - a potion of brilliance {unknown}
 r - 3 potions of curing {unknown}
 u - a potion of agility {unknown}
Books
 c - a book of Battle

   Spells                             Type                      Level
   a - Infusion                       Charms                       1
   b - Shroud of Golubria             Charms/Translocation         2
   c - Song of Slaying                Charms                       2
   d - Spectral Weapon                Hexes/Charms                 3
   e - Regeneration                   Charms/Necromancy            3


   Skills:
 + Level 2.9 Fighting
 + Level 3.3 Long Blades
 - Level 0.7 Armour
 - Level 1.1 Dodging
 - Level 3.0 Spellcasting
 + Level 4.5 Charms
 + Level 0.2 Necromancy


You had 2 spell levels left.
You knew the following spells:

 Your Spells              Type           Power        Failure   Level  Hunger
a - Infusion              Chrm           ##..         3%          1    #......
b - Song of Slaying       Chrm           ##......     6%          2    ##.....
c - Shroud of Golubria    Chrm/Tloc      #.........   14%         2    ##.....
d - Regeneration          Chrm/Necr      #.........   24%         3    ###....


Dungeon Overview and Level Annotations

Branches:
Dungeon (4/15)
 Temple: D:4-7

Altars:
Xom


Innate Abilities, Weirdness & Mutations

You heal slowly.
You have razor-sharp teeth.
You have supernaturally acute eyesight. (SInv)
((You can survive without breathing.))


Message History

The big kobold zombie hits you.
You turn into a vampire bat.
Your +1 spear of venom melds into your body.
Your +0 pair of gloves melds into your body.
Your +0 leather armour melds into your body.
Your +1 spear of venom stops dripping with poison.
The mummy misses you. The big kobold zombie hits you.
Unknown command.
The orc zombie closely misses you.
There is a gate leading back out of this place here.
You hit the big kobold zombie.
The big kobold zombie is heavily damaged.
The orc zombie misses you.
You barely miss the big kobold zombie. You bite the big kobold zombie.
The big kobold zombie is heavily damaged.
The big kobold zombie hits you.
The big kobold zombie barely misses you.
The big kobold zombie hits you. The mummy hits you!
You die...

##### ##...##
##.Z...##
#ZZZM...#
#.MZZ...#
#bZ.∩...#
##.....##
##...## #...#
#...#
#...........#
##.........##
#...........#
##.........##


You could see 2 mummies, 2 gnoll zombies, 3 big kobold zombies and 2 orc
zombies.

Vanquished Creatures
  Jessica (D:2)
  A mummy (D:4)
  7 adders
  An ooze (D:3)
  2 worms
  A dart slug (D:1)
  2 leopard geckos
  3 orcs (D:3)
  2 ball pythons
  4 giant cockroaches
  7 goblins
  8 hobgoblins
  4 jackals (D:1)
  7 bats
  5 frilled lizards
  10 kobolds
  An orc zombie (Ossuary)
  8 rats
74 creatures vanquished.

Notes
Turn   | Place    | Note
-------+----------+-------------------------------------------
     0 | D:1      | KarmaPolice the Vampire Skald began the quest for the Orb.
     0 | D:1      | Reached XP level 1. HP: 16/16 MP: 3/3
   130 | D:1      | Reached XP level 2. HP: 20/22 MP: 5/5
   138 | D:1      | Learned a level 2 spell: Song of Slaying
   141 | D:1      | Learned a level 2 spell: Shroud of Golubria
   694 | D:1      | Found a shimmering altar of Xom.
   747 | D:2      | Reached XP level 3. HP: 26/27 MP: 4/6
   819 | D:2      | Reached skill level 4 in Charms
  1276 | D:2      | Noticed Jessica
  1285 | D:2      | Killed Jessica
  1285 | D:2      | Reached XP level 4. HP: 31/34 MP: 3/8
  1474 | D:2      | Found a faded altar of an unknown god.
  1856 | D:2      | Learned a level 3 spell: Regeneration
  2128 | D:3      | Reached XP level 5. HP: 22/39 MP: 6/9
  3299 | D:4      | Found a sand-covered staircase.
  3321 | Ossuary  | Entered an ossuary
  3352 | Ossuary  | Slain by a mummy

Skill      XL: |  1  2  3  4  5 |
---------------+----------------+-----
Fighting       | 2 |  2.9
Charms         | 4 |  4.5
Long Blades    | 3 |  3.3
Spellcasting   | 3 |  3.0
Armour         | |  0.7
Dodging        | |  1.1
Necromancy     | |  0.2

Action                   |  1- 3 |  4- 6 || total
-------------------------+-------+-------++-------
Melee: Spear             |    68 |   121 ||   189
       Falchion          |     9 |       ||     9
       Bite              |     5 |    11 ||    16
       Unarmed           |       |     2 ||     2
 Cast: Song of Slaying   |     2 |     2 ||     4
       Infusion          |     2 |     4 ||     6
       Shroud of Golubri |       |     2 ||     2
 Abil: Bat Form          |       |     2 ||     2
       End Transformatio |       |     1 ||     1
  Use: Potion            |       |     1 ||     1
 Stab: Sleeping          |     3 |     4 ||     7
       Distracted        |     1 |       ||     1
  Eat: Corpse            |       |     4 ||     4
Armor: Leather armour    |    11 |    16 ||    27
Dodge: Dodged            |    28 |    48 ||    76
